 Dungeon Crawl Stone Soup version bcrawl-1.21.3-2-g9d8a61a446 (webtiles) character file.

Game seed: 16190766454692541518

40555 Chiseanne the Fighter (level 13, 0/112 HPs)
             Began as a Demonspawn Archaeologist on Apr 18, 2020.
             Was an Initiate of Gozag.
             Slain by Donald
             ... wielding a +1 scimitar of holy wrath
              (24 damage)
             ... in the Orcish Mines.
             The game lasted 00:49:17 (19251 turns).

Chiseanne the Fighter (Demonspawn Archaeologist)   Turns: 19251, Time: 00:49:17

Health: 0/112      AC: 16    Str: 12    XL:     13   Next: 75%
Magic:  13/13      EV: 14    Int: 17    God:    Gozag
Gold:   689        SH: 14    Dex: 15    Spells: 12/12 levels left

rFire    + . .     SeeInvis +   s - +1 hand axe (elec)
rCold    + . .     Gourm    .   L - +2 medium shield {rN+}
rNeg     + . .     Faith    .   i - +1 scale mail {rPois}
rPois    +         Spirit   .   Y - +0 helmet
rElec    .         Reflect  .   (no cloak)
rCorr    .         Harm     .   f - +1 pair of gauntlets of War {Slay+6}
MR       .....                  d - +1 pair of boots
Stlth    +.........             (no amulet)
HPRegen  0.28/turn              z - ring of see invisible
MPRegen  0.13/turn              c - ring of protection from fire

@: gold aura, very slightly contaminated, lightly drained, invisible
A: repulsion field 2, cold resistance 1, icemail, powered by pain 3, freezing
cloud immunity
a: Potion Petition, Call Merchant, Bribe Branch, Renounce Religion


You were in the Orcish Mines.
You worshipped Gozag.
Gozag was pleased with you.
You were full.

You visited 3 branches of the dungeon, and saw 14 of its levels.
You also visited: Ossuary.

You collected 3459 gold pieces.
You spent 1564 gold pieces at shops.
You paid 1206 gold pieces to Gozag.

Inventory:

Hand Weapons
 a - a +3 scimitar of flaming
 s - a +1 hand axe of electrocution (weapon)
 w - a +0 blowgun
Missiles
 o - 25 needles of confusion
 x - 45 tomahawks
 y - 164 javelins
 G - 6 curare-tipped needles
 R - 35 poisoned tomahawks (quivered)
Armour
 d - a +1 pair of boots (worn)
 f - the +1 pair of gauntlets of War (worn) {Slay+6}
   (You acquired it on level 3 of the Dungeon)

   It affects your accuracy and damage with ranged weapons and melee attacks
   (+6).
 i - a +1 scale mail of poison resistance (worn)
 L - a +2 medium shield of positive energy (worn)
 Y - a +0 helmet (worn)
Jewellery
 b - an uncursed ring of insulation
 c - a ring of protection from fire (right hand)
 z - a ring of see invisible (left hand)
Wands
 E - a wand of digging (5)
 N - a wand of polymorph (3)
 Q - a wand of flame (20)
 T - a wand of disintegration (16)
Scrolls
 g - 3 scrolls of magic mapping
 k - 2 scrolls of fear
 m - 6 scrolls of identify
 p - 6 scrolls of remove curse
 r - 3 scrolls of blinking
 M - a scroll of teleportation
Potions
 q - 5 potions of cancellation
 u - 7 potions of curing
 v - 3 potions of resistance
 A - 4 potions of invisibility
 D - 6 potions of agility
 K - 4 potions of haste
 O - a potion of berserk rage
Miscellaneous
 H - a sack of spiders
Comestibles
 e - 11 rations {!d}


   Skills:
 * Level 13.6(13.2) Fighting
   Level 0.8(0.5) Maces & Flails
 * Level 12.5(12.1) Armour
 - Level 6.1(5.7) Dodging
 - Level 3.0(2.7) Stealth
 * Level 11.5(11.2) Shields


You had 12 spell levels left.
You didn't know any spells.
Your spell library contained the following spells:

 Spells                   Type           Power        Failure   Level  Hunger
 Apportation              Tloc           #.....       80%         1    ##.....
 Infusion                 Chrm           #.......     80%         1    ##.....
 Magic Dart               Conj           #...         80%         1    ##.....
 Sandblast                Erth           #.....       80%         1    ##.....
 Slow                     Hex            #.......     80%         1    ##.....
 Summon Butterflies       Summ           #.......     80%         1    ##.....
 Blink                    Tloc           N/A          90%         2    ###....
 Call Imp                 Summ           #.....       90%         2    ###....
 Beckoning                Tloc           #.........   99%         3    ####...
 Call Canine Familiar     Summ           #.......     99%         3    ####...
 Conjure Flame            Conj/Fire      #.......     99%         3    ####...
 Mephitic Cloud           Conj/Pois/Air  #.......     99%         3    ####...
 Spider Form              Tmut/Pois      #..          99%         3    ####...
 Tukima's Dance           Hex            #.......     99%         3    ####...
 Summon Ice Beast         Ice/Summ       #.......     100%        4    #####..
 Summon Mana Viper        Hex/Summ       #.......     100%        5    ######.
 Invisibility             Hex            #.......     100%        6    #######
 Summon Hydra             Summ           #.........   100%        6    #######
 Monstrous Menagerie      Summ           #.........   100%        7    #######


Dungeon Overview and Level Annotations

Branches:
Dungeon (12/12)            Temple (1/1) D:7            Lair (0/6) D:9
    Orc (1/1) D:9             Elf (0/3) Orc          Vaults (0/3) D:11
 Depths (0/5) D:12

Altars:
Ashenzari
Cheibriados
Dithmenos
Elyvilon
Fedhas
Gozag
Hepliaklqana
Kikubaaqudgha
Lugonu
Makhleb
Nemelex Xobeh
Okawaru
Qazlal
Ru
Sif Muna
Trog
Uskayaw
Vehumet
Wu Jian
Xom
Yredelemnul
Zin
The Shining One
Beogh

Shops:
D:5 [   D:6 ?   D:12 [}(

Annotations:
D:5 2 transporters, walterwhite's ghost, amateur DDAc Orc Donald


Innate Abilities, Weirdness & Mutations

You are surrounded by a moderate repulsion field. (EV +3)
Your flesh is cold resistant. (rC+)
A meltable icy envelope protects you from harm. (AC +0)
You are powered by pain.
You are immune to freezing clouds.


Message History

The orange demon stings you but does no damage.
The orc wizard hits you with a +0 dagger.
Donald hits you but does no damage.
You fade into invisibility!
The orc wizard hits you but does no damage.
The orc sorcerer closely misses you.
The orange demon stings you but does no damage.
You block Donald's attack.
You are very lightly contaminated with residual magic.
You closely miss the orc sorcerer.
The orc sorcerer is lightly wounded.
You hit Donald. You closely miss the orc wizard.
Donald looks more healthy.
The orc wizard hits you but does no damage.
The orc sorcerer becomes distracted by the nearby gold, dreaming of imaginary riches.
Donald says, "Couldn't find enough potions?"
Donald hits you with a +1 scimitar of holy wrath!!
* * * LOW HITPOINT WARNING * * *
You convulse!!
You die...
Your body crumbles into a pile of gold.

# # §§§........ .........
...8... #.....# ## #≈...§#
.# #≈.4o≈# .## ##§.oo≈##
..###§ #§§.@@≈≈# ..≈§≈≈##
###≈≈...≈≈### # ...§§§≈§#
#≈≈§≈...§≈≈§###§§
..##≈≈≈§≈≈≈≈##≈...≈##≈≈§≈§
.......≈≈≈≈≈##≈...≈##≈≈§≈≈
............≈≈.....≈≈# ##
.....................##
>.#.........##.....##.##
............##.....##..#


You could see Donald, an orange demon, an orc sorcerer (unaware), an orc wizard
and an orc.

Vanquished Creatures
  2 ogre magi
  A hydra (D:12)
  Erolcha (D:9)
  Erica (D:9)
  9 two-headed ogres
  A death knight (D:10)
  A centaur warrior (D:12)
  5 skeletal warriors (D:12)
  An orc knight (D:11)
  3 deep elf magi
  Pikel (D:8)
  An orc sorcerer (Orc)
  A wolf spider (D:12)
  4 ugly things
  5 manticores
  4 centaur skeletons
  4 yaktaurs (D:10)
  2 freezing wraiths
  A queen bee (D:7)
  4 trolls
  6 meliai
  11 slime creatures
  Grinder (D:3)
  A hippogriff (D:12)
  2 meliai zombies
  A hippogriff (shapeshifter) (D:12)
  A shadow (D:9)
  11 yaks
  A basilisk (D:10)
  A wraith (D:9)
  A hungry ghost (D:11)
  2 wargs
  Menkaure (D:7)
  4 water moccasins (D:12)
  Edmund (D:6)
  An acid dragon (D:7)
  7 ice beasts
  9 orc warriors
  4 phantoms
  A porcupine (D:9)
  2 sky beasts
  2 black bears
  A necrophage (D:9)
  A hornet zombie (D:11)
  An eye of draining (D:12)
  6 ogres
  11 centaurs
  5 big kobolds
  5 bullfrogs
  3 water moccasin zombies (Ossuary)
  5 scorpions
  A wyvern skeleton (D:7)
  18 killer bees
  11 wights
  6 howler monkeys
  5 crimson imps
  3 centaur zombies
  2 bullfrog zombies
  A quasit (D:9)
  2 human zombies (D:4)
  4 jellies
  9 orc priests
  9 hounds
  Terence (D:3)
  6 iguanas
  28 orc wizards
  16 worker ants
  A killer bee zombie (D:7)
  A big kobold zombie (Ossuary)
  2 mummies (Ossuary)
  2 worker ant zombies
  3 gnolls (D:10)
  12 adders
  2 howler monkey skeletons
  3 shadow imps
  A worm zombie (D:4)
  9 adder zombies
  5 worms
  5 dart slugs
  5 leopard geckos
  55 orcs
  4 giant cockroaches
  2 gnoll zombies (Ossuary)
  6 goblins
  9 hobgoblins
  4 jackals (D:3)
  36 kobolds
  4 quokkas
  4 bats
  2 frilled lizards
  4 hobgoblin zombies (Ossuary)
  A jackal zombie (D:4)
  6 kobold zombies (Ossuary)
  7 orc zombies (Ossuary)
  7 rats
485 creatures vanquished.

Vanquished Creatures (collateral kills)
  A dire elephant (D:12)
  2 slime creatures (D:12)
3 creatures vanquished.

Vanquished Creatures (others)
  A two-headed ogre (D:12)
  A gargoyle (D:12)
  A slime creature (D:12)
  2 wights (D:10)
  An adder (D:10)
  4 kobolds (D:10)
  6 fungi (D:9)
  6 plants (D:5)
22 creatures vanquished.

Grand Total: 510 creatures vanquished

Notes
Turn   | Place    | Note
-------+----------+-------------------------------------------
     0 | D:1      | Chiseanne the Demonspawn Archaeologist began the quest for
                  | the Orb.
     0 | D:1      | Reached XP level 1. HP: 15/15 MP: 1/1
   104 | D:1      | Gained mutation: You are surrounded by a mild repulsion
                  | field. (EV +2) [demonic ancestry]
   104 | D:1      | Reached XP level 2. HP: 15/21 MP: 2/2
   520 | D:1      | Reached skill level 2 in Fighting
   922 | D:2      | Noticed a crimson imp
   925 | D:2      | Noticed a howler monkey
   953 | D:2      | Killed a howler monkey
   953 | D:2      | Reached skill level 1 in Armour
   953 | D:2      | Gained mutation: You sometimes gain a little power by
                  | taking damage. [demonic ancestry]
   953 | D:2      | Reached XP level 3. HP: 20/28 MP: 3/3
   954 | D:2      | Gained mutation: You sometimes gain power by taking damage.
                  | [demonic ancestry]
   954 | D:2      | Reached XP level 4. HP: 25/34 MP: 4/4
  1137 | D:2      | Found a hazy altar of Hepliaklqana.
  1787 | D:2      | Found a radiant altar of Vehumet.
  1789 | D:2      | Found a snail-covered altar of Cheibriados.
  2017 | D:2      | Reached skill level 3 in Fighting
  2272 | D:3      | Gained mutation: You are surrounded by a moderate repulsion
                  | field. (EV +3) [demonic ancestry]
  2272 | D:3      | Reached XP level 5. HP: 35/41 MP: 5/5
  2272 | D:3      | Identified a scroll of acquirement
  2301 | D:3      | Found the +1 pair of gauntlets of War {Slay+6}
  2818 | D:3      | Noticed Terence
  2830 | D:3      | Killed Terence
  2830 | D:3      | Gained mutation: You are powered by pain. [demonic
                  | ancestry]
  2830 | D:3      | Reached XP level 6. HP: 34/48 MP: 6/6
  2953 | D:3      | Noticed Grinder
  2969 | D:3      | Killed Grinder
  2969 | D:3      | Reached skill level 4 in Fighting
  3416 | D:3      | Found a shimmering blue altar of Sif Muna.
  3417 | D:3      | Found a sparkling altar of Nemelex Xobeh.
  3531 | D:4      | Reached XP level 7. HP: 55/55 MP: 7/7
  3664 | D:4      | Found a sand-covered staircase.
  3670 | D:4      | Reached skill level 5 in Dodging
  3682 | Ossuary  | Entered an ossuary
  3738 | Ossuary  | Reached skill level 5 in Fighting
  4369 | D:4      | Found a stormy altar of Qazlal.
  4455 | D:5      | Entered Level 5 of the Dungeon
  4462 | D:5      | Gained mutation: Your flesh is cold resistant. (rC+)
                  | [demonic ancestry]
  4462 | D:5      | Reached XP level 8. HP: 53/63 MP: 8/8
  4746 | D:5      | Reached skill level 6 in Fighting
  4785 | D:5      | Found a transporter.
  4791 | D:5      | Found a transporter.
  4795 | D:5      | Noticed walterwhite's ghost (amateur DDAc)
  4872 | D:5      | Reached skill level 5 in Armour
  4891 | D:5      | Found a basalt altar of Yredelemnul.
  4891 | D:5      | Found a shattered altar of Ashenzari.
  4962 | D:5      | Reached skill level 1 in Shields
  5010 | D:5      | Found a glowing golden altar of the Shining One.
  5068 | D:5      | Found a burning altar of Makhleb.
  5068 | D:5      | Found Naumig's Armour Boutique.
  5516 | D:6      | Noticed Edmund
  5520 | D:6      | Reached XP level 9. HP: 69/71 MP: 9/9
  5531 | D:6      | Killed Edmund
  5531 | D:6      | Reached skill level 7 in Fighting
  5751 | D:6      | Found a shimmering altar of Xom.
  5751 | D:6      | Found a glowing silver altar of Zin.
  5752 | D:6      | Noticed an angel
  6015 | D:6      | Found Yda Daakh's Magic Scroll Boutique.
  6025 | D:6      | Bought a scroll of identify for 30 gold pieces
  6025 | D:6      | Bought a scroll of identify for 30 gold pieces
  6025 | D:6      | Bought a scroll of identify for 30 gold pieces
  6025 | D:6      | Bought a scroll of fear for 52 gold pieces
  6632 | D:7      | Reached skill level 8 in Fighting
  7011 | D:7      | Noticed Menkaure
  7026 | D:7      | Killed Menkaure
  7248 | D:7      | Reached skill level 5 in Shields
  7442 | D:7      | Gained mutation: You are immune to freezing clouds.
                  | [demonic ancestry]
  7442 | D:7      | Reached XP level 10. HP: 82/82 MP: 10/10
  7447 | D:7      | Found a staircase to the Ecumenical Temple.
  7471 | Temple   | Entered the Ecumenical Temple
  7785 | Temple   | Became a worshipper of Gozag Ym Sagoz the Greedy
  8757 | D:8      | Reached skill level 9 in Fighting
  9494 | D:8      | Noticed Pikel
  9510 | D:8      | Killed Pikel
  9727 | D:8      | Noticed a deep elf mage
  9738 | D:8      | Killed a deep elf mage
  9827 | D:9      | Noticed Erica
  9968 | D:9      | Found a staircase to the Orcish Mines.
 10067 | D:9      | Found an opulent altar of Gozag.
 10069 | D:9      | Noticed Erolcha
 10237 | D:9      | Reached skill level 10 in Fighting
 10237 | D:9      | Gained mutation: A meltable icy envelope protects you from
                  | harm. (AC +0) [demonic ancestry]
 10237 | D:9      | Reached XP level 11. HP: 90/90 MP: 11/11
 10323 | D:9      | Found Nidouss's Distillery.
 10333 | D:9      | Bought a potion of might for 40 gold pieces
 10333 | D:9      | Bought a potion of curing for 30 gold pieces
 10333 | D:9      | Bought a potion of curing for 30 gold pieces
 10333 | D:9      | Bought a potion of invisibility for 80 gold pieces
 10333 | D:9      | Bought a potion of magic for 80 gold pieces
 10333 | D:9      | Bought a potion of resistance for 100 gold pieces
 10333 | D:9      | Bought a potion of ambrosia for 80 gold pieces
 10391 | D:9      | Found a staircase to the Lair.
 10691 | D:9      | Killed Erica
 10724 | D:9      | Killed Erolcha
 10806 | D:9      | Bought a potion of cancellation for 80 gold pieces
 10806 | D:9      | Bought a potion of mutation for 80 gold pieces
 10806 | D:9      | Bought a potion of cancellation for 80 gold pieces
 10845 | D:10     | Entered Level 10 of the Dungeon
 11209 | D:10     | Noticed a death knight
 11225 | D:10     | Killed a death knight
 11411 | D:10     | Reached skill level 11 in Fighting
 11683 | D:10     | Noticed a two-headed ogre
 11696 | D:10     | Killed a two-headed ogre
 11696 | D:10     | Reached skill level 10 in Armour
 12167 | D:10     | Reached XP level 12. HP: 39/100 MP: 12/12
 13173 | D:11     | Noticed a two-headed ogre
 13178 | D:11     | Killed a two-headed ogre
 13182 | D:11     | Noticed a two-headed ogre
 13183 | D:11     | Reached skill level 12 in Fighting
 13363 | D:11     | Noticed an ogre mage
 13377 | D:12     | Entered Level 12 of the Dungeon
 13505 | D:12     | Noticed a centaur warrior
 13515 | D:12     | Killed a centaur warrior
 13555 | D:12     | Noticed a two-headed ogre
 13555 | D:12     | Noticed a two-headed ogre
 13565 | D:12     | Noticed an ogre mage
 13575 | D:12     | Noticed a two-headed ogre
 13582 | D:12     | Killed an ogre mage
 13582 | D:12     | Reached skill level 10 in Shields
 13583 | D:12     | Killed a two-headed ogre
 13589 | D:12     | Killed a two-headed ogre
 13872 | D:12     | Noticed a two-headed ogre
 13878 | D:12     | Killed a two-headed ogre
 13930 | D:12     | Killed a two-headed ogre
 14128 | D:12     | Found Fysiril's Gadget Shop.
 14153 | D:12     | Bought a sack of spiders for 280 gold pieces
 14525 | D:12     | Reached XP level 13. HP: 101/109 MP: 13/13
 15626 | D:11     | Reached skill level 13 in Fighting
 15632 | D:11     | HP: 3/111 [meliai/divine providence (12)]
 15973 | D:11     | Found a gate to the Vaults.
 17291 | D:12     | Found a staircase to the Depths.
 17291 | D:12     | Noticed a dire elephant
 17312 | D:12     | Killed a dire elephant
 17491 | D:12     | Found Uqaj's Serpentskin Sales.
 18223 | D:12     | Bought a brightly glowing medium shield for 237 gold pieces
 18223 | D:12     | Bought a translucent ring mail for 225 gold pieces
 18225 | D:12     | Identified the cursed +0 medium shield of the Armoured One
                  | {Str+3 Dex+4} (You bought it in a shop on level 12 of the
                  | Dungeon)
 18228 | D:12     | Identified the cursed +0 ring mail of Day {+Fly rF+ Str-4
                  | Slay+2} (You bought it in a shop on level 12 of the
                  | Dungeon)
 18329 | Orc      | Entered the Orcish Mines
 18490 | Orc      | Found a roughly hewn altar of Beogh.
 18974 | Orc      | Paralysed by an orc sorcerer for 4 turns
 19122 | Orc      | Found a staircase to the Elven Halls.
 19235 | Orc      | Noticed Donald
 19251 | Orc      | Slain by Donald

Skill      XL: |  1  2  3  4  5  6  7  8  9 10 11 12 13 |
---------------+----------------------------------------+-----
Dodging        | 3 4 5 6 |  6.1
Fighting       | 2 3 4 5 6 8 10 11 12 13 | 13.6
Armour         | 1 2 3 4 5 7 8 10 11 12 | 12.5
Shields        | 2 5 7 9 10 11 | 11.5
Maces & Flails | |  0.8
Stealth        | |  3.0

Action                   |  1- 3 |  4- 6 |  7- 9 | 10-12 | 13-15 || total
-------------------------+-------+-------+-------+-------+-------++-------
Melee: Whip              |    82 |   173 |       |       |       ||   255
       Short sword       |       |    27 |       |       |       ||    27
       Hand axe          |       |    88 |   391 |   675 |   243 ||  1397
       Flail             |       |       |     3 |    12 |       ||    15
       Scimitar          |       |       |       |       |   149 ||   149
 Fire: Blowgun           |       |       |       |    26 |     2 ||    28
Throw: Stone             |     1 |     3 |       |       |       ||     4
       Tomahawk          |       |     2 |     1 |    37 |    40 ||    80
Invok: Call Merchant     |       |       |       |     1 |     1 ||     2
Evoke: Wand              |       |       |     2 |    21 |     4 ||    27
       Sack of spiders   |       |       |       |     3 |     2 ||     5
  Use: Scroll            |     1 |     9 |     3 |     9 |     2 ||    24
       Potion            |       |     3 |     1 |     3 |     3 ||    10
 Stab: Sleeping          |     2 |     4 |     2 |       |       ||     8
       Paralysed         |       |       |     2 |     4 |       ||     6
       Distracted        |       |       |       |     2 |     2 ||     4
  Eat: Chunk             |       |     9 |     9 |     2 |       ||    20
       Ration            |       |       |     1 |     8 |     6 ||    15
Armor: Robe              |     9 |       |       |       |       ||     9
       Ring mail         |    12 |    91 |    44 |       |       ||   147
       Scale mail        |       |       |   112 |   334 |   199 ||   645
Dodge: Dodged            |    66 |   182 |   236 |   450 |   209 ||  1143
Block: Medium shield     |       |       |   151 |   584 |   346 ||  1081
